 Dungeon Crawl Stone Soup version 0.21.1-1-g345015fe64 (webtiles) character file.

91 Marvel the Skirmisher (level 4, 0/37 HPs)
             Began as a Demonspawn Abyssal Knight on Feb 18, 2018.
             Was a Believer of Lugonu.
             Slain by an orc wizard
             ... wielding a +0 dagger
              (5 damage)
             ... on level 3 of the Dungeon.
             The game lasted 00:10:52 (2870 turns).

Marvel the Skirmisher (Demonspawn Abyssal Knight)   Turns: 2870, Time: 00:10:53

Health: 0/37       AC:  3    Str: 13    XL:     4   Next: 34%
Magic:  5/5        EV: 11    Int: 13    God:    Lugonu [**....]
Gold:   72         SH:  0    Dex: 13    Spells: 3/3 levels left

rFire    + . .     SeeInvis +   t - +1 flail (venom)
rCold    . . .     Gourm    .   (no shield)
rNeg     . . .     Faith    .   b - +0 leather armour
rPois    .         Spirit   .   (helmet restricted)
rElec    .         Reflect  .   (no cloak)
rCorr    .         Harm     .   (no gloves)
MR       .....                  (no boots)
Stlth    +.........             (no amulet)
HPRegen  0.12/turn              o - ring of see invisible
MPRegen  0.09/turn              (no ring)

@: flying, drained
A: antennae 2, fire resistance 1
a: Depart the Abyss, Bend Space, Renounce Religion


You were on level 3 of the Dungeon.
You worshipped Lugonu.
Lugonu was pleased with you.
You were not hungry.

You visited 1 branch of the dungeon, and saw 3 of its levels.
You visited the Abyss 1 time.

You collected 72 gold pieces.

Inventory:

Hand Weapons
 a - a +1 falchion
 r - a +1 mace of venom
 t - a +1 flail of venom (weapon)
 u - a cursed -3 mace
Armour
 b - a +0 leather armour (worn)
Jewellery
 o - a ring of see invisible (left hand)
 s - an uncursed ring of ice
Scrolls
 d - 3 scrolls of teleportation {unknown}
 e - a scroll of immolation {unknown}
 f - a scroll of blinking {unknown}
 g - 3 scrolls of enchant armour {unknown}
 h - a scroll of remove curse {unknown}
 i - a scroll of enchant weapon {unknown}
 l - 5 scrolls of identify {unknown}
 n - a scroll of magic mapping {unknown}
 q - 2 scrolls of amnesia {unknown}
Potions
 k - 2 potions of curing {unknown}
 m - a potion of haste {unknown}
 p - a potion of heal wounds {unknown}
Comestibles
 c - 3 rations


   Skills:
 + Level 3.8(3.5) Fighting
 - Level 2.8(2.4) Long Blades
 + Level 0.1(0.0) Maces & Flails
 + Level 2.3(2.0) Armour
 + Level 1.3(1.0) Dodging
 + Level 0.1(0.0) Stealth
 + Level 2.6(2.3) Invocations


You had 3 spell levels left.
You didn't know any spells.

Dungeon Overview and Level Annotations

Branches:
Dungeon (3/15)

Altars:

Annotations:
D:2 Crazy Yiuf
D:3 Faustar's ghost, amateur DsMo


Innate Abilities, Weirdness & Mutations

You have a pair of antennae on your head.
Your flesh is heat resistant. (rF+)


Message History

You closely miss the orc wizard.
The orc wizard is almost dead.
The orc wizard hits you with a dagger. The orc hits you.
* * * LOW HITPOINT WARNING * * *
The orc wizard casts a spell at you. The magic dart hits you!
* * * LOW HITPOINT WARNING * * *
It was a potion of flight.
You feel very buoyant.
You fly up into the air.
The orc hits you but does no damage.
The orc wizard miscasts a cantrip.
You miss the orc wizard.
The orc wizard is almost dead.
The orc hits you.
* * * LOW HITPOINT WARNING * * *
The orc wizard barely misses you.
You barely miss the orc wizard.
The orc wizard is almost dead.
The orc barely misses you. The orc wizard hits you with a dagger.
You die...

# #####.#
###...[..#
#.........
#o#.......
#######@#.......
.......#o..#
.######.#.##
#.#.# #)#.#
#.#.# ##.#.#
###....#
#.#.###....#.###


You could see an orc wizard and an orc.

Vanquished Creatures
  3 adders
  2 leopard geckos
  6 orcs (D:3)
  A ball python (D:2)
  8 bats
  A giant cockroach (D:1)
  8 hobgoblins
  2 jackals (D:1)
  7 kobolds
  4 frilled lizards
  6 goblins
  5 rats (D:2)
53 creatures vanquished.

Notes
Turn   | Place    | Note
-------+----------+-------------------------------------------
     0 | Abyss:1  | Marvel the Demonspawn Abyssal Knight began the quest for the Orb.
     0 | Abyss:1  | Reached XP level 1. HP: 18/18 MP: 2/2
    45 | D:1      | Escaped the Abyss
   120 | D:1      | Gained mutation: You have a pair of small antennae on your head. [demonic ancestry]
   120 | D:1      | Reached XP level 2. HP: 7/24 MP: 3/3
   757 | D:1      | Reached ** piety under Lugonu
   757 | D:1      | Reached skill level 1 in Dodging
  1173 | D:1      | Gained mutation: You have a pair of antennae on your head. [demonic ancestry]
  1173 | D:1      | Reached XP level 3. HP: 26/30 MP: 4/4
  1981 | D:2      | Found a runed door.
  1985 | D:2      | Noticed Crazy Yiuf
  2420 | D:3      | Gained mutation: Your flesh is heat resistant. (rF+) [demonic ancestry]
  2420 | D:3      | Reached XP level 4. HP: 28/37 MP: 5/5
  2606 | D:3      | Noticed Faustar's ghost (amateur DsMo)
  2870 | D:3      | Slain by an orc wizard

Skill      XL: |  1  2 |
---------------+-------+-----
Long Blades    | 2 |  2.8
Dodging        | 1 |  1.3
Armour         | 2 |  2.3
Fighting       | |  3.8
Maces & Flails | |  0.1
Stealth        | |  0.1
Invocations    | |  2.6

Action                   |  1- 3 |  4- 6 || total
-------------------------+-------+-------++-------
Melee: Falchion          |   136 |     8 ||   144
       Flail             |       |    22 ||    22
Invok: Bend Space        |     2 |       ||     2
  Use: Potion            |       |     1 ||     1
  Eat: Chunk             |     3 |       ||     3
       Ration            |     1 |       ||     1
Armor: Leather armour    |    52 |     6 ||    58
Dodge: Dodged            |   118 |    22 ||   140
       Rpst.: Falchion   |    34 |       ||    34
